[ PARTIDA AOE2 · #475639512 ]
UnrankedMaya vs Khmer
[ ANÁLISIS DE REPETICIÓN · EXTRAÍDO DE LA PARTIDA GRABADA ]
Feudal
—
Castillos
9:59
Imperial
—
| APM promedio | 32.6 |
| APM pico | 132 |
| eAPM promedio | 21.3 |
| Aldeanos / militares | 9 / 133 |
Foco
⚔️ 42.7% · 🌾 57.3%
Archer ×58 · Plumed Archer ×35 · Spearman ×30 · Battering Ram ×10
Feudal
—
Castillos
5:05
Imperial
16:50
| APM promedio | 15.2 |
| APM pico | 29 |
| eAPM promedio | 12.8 |
| Aldeanos / militares | 105 / 101 |
Foco
⚔️ 22.3% · 🌾 77.7%
Scout Cavalry ×50 · Knight ×47 · Battering Ram ×4
Feudal
—
Castillos
9:52
Imperial
—
| APM promedio | 28.0 |
| APM pico | 58 |
| eAPM promedio | 9.8 |
| Aldeanos / militares | 52 / 22 |
Foco
⚔️ 21.9% · 🌾 78.1%
Conquistador ×13 · Spearman ×8 · Militia ×1
Feudal
—
Castillos
13:08
Imperial
—
| APM promedio | 16.7 |
| APM pico | 51 |
| eAPM promedio | 8.1 |
| Aldeanos / militares | 90 / 45 |
Foco
⚔️ 17.0% · 🌾 83.0%
Knight ×39 · Fishing Ship ×23 · Scout Cavalry ×6
Feudal
—
Castillos
8:30
Imperial
21:00
| APM promedio | 12.7 |
| APM pico | 25 |
| eAPM promedio | 10.7 |
| Aldeanos / militares | 29 / 50 |
Foco
⚔️ 36.9% · 🌾 63.1%
Fishing Ship ×16 · Rattan Archer ×14 · Battle Elephant ×11 · Battering Ram ×8 · Bombard Cannon ×6 · Knight ×5
Feudal
—
Castillos
12:47
Imperial
—
| APM promedio | 21.0 |
| APM pico | 54 |
| eAPM promedio | 10.8 |
| Aldeanos / militares | 16 / 44 |
Foco
⚔️ 36.3% · 🌾 63.7%
Serjeant ×26 · Spearman ×14 · Mangonel ×2 · Battering Ram ×2
Mapa de la partida
Recursos iniciales + cada clic de construcción. Líneas = muros · curvas = relieve. ◆ oro · ⬟ piedra · ● bayas · ✦ reliquia · ◌ hueco del cierre
Tu base· Abierta — flanco sin cerrar
Base de Lears· Abierta — flanco sin cerrar
Base de AlexShukov13· ✓ Cerrada en 9:52 · 115t muro · 2 puerta(s)
Base de pajw734· Abierta — flanco sin cerrar
Base de Kuzmikdepo· Abierta — flanco sin cerrar
Base de Bryesf· Abierta — flanco sin cerrar
Terreno inicial suavizado · ◌ = hueco del cierre detectado · pasá el cursor para detalles
Inputs por minuto
— SebaD_ - - Lears
Build order — SebaD_
103 acciones detectadas en el replay
| 0:25 | Investigar | Town Watch |
| 0:27 | Crear | Villager (Male) |
| 0:40 | Crear | Villager (Male) |
| 0:40 | Crear | Villager (Male) |
| 1:18 | Investigar | Horse Collar |
| 1:24 | Construir | Farm |
| 1:37 | Construir | Market |
| 1:44 | Crear | Spearman |
| 1:44 | Crear | Spearman |
| 1:58 | Construir | Archery Range |
| 2:14 | Construir | Farm |
| 2:17 | Crear | Villager (Male) |
| 2:17 | Crear | Villager (Male) |
| 2:42 | Construir | Archery Range |
| 3:10 | Construir | House |
| 3:11 | Construir | House |
| 3:12 | Construir | House |
| 3:18 | Crear | Archer |
| 3:18 | Crear | Archer |
| 3:19 | Crear | Archer |
| 3:38 | Construir | Farm |
| 3:50 | Construir | Farm |
| 3:51 | Construir | Farm |
| 4:02 | Investigar | Double-Bit Axe |
| 4:05 | Crear | Archer ×3 |
| 4:05 | Crear | Archer ×3 |
| 4:09 | Crear | Archer |
| 4:10 | Crear | Archer |
| 4:40 | Construir | Farm |
| 4:50 | Investigar | Wheelbarrow |
| 5:06 | Construir | Farm |
| 5:13 | Crear | Archer ×4 |
| 5:23 | Investigar | Gold Mining |
| 5:31 | Construir | House |
| 5:32 | Construir | House |
| 5:39 | Crear | Archer |
| 5:40 | Crear | Archer |
| 5:59 | Crear | Archer ×3 |
| 5:59 | Crear | Archer ×3 |
| 7:19 | Investigar | Castle Age |
| 7:33 | Crear | Villager (Male) |
| 7:33 | Crear | Villager (Male) |
| 7:33 | Crear | Villager (Male) |
| 7:34 | Crear | Villager (Male) |
| 7:41 | Crear | Archer |
| 7:42 | Crear | Archer |
| 8:17 | Crear | Archer |
| 8:17 | Crear | Archer |
| 8:17 | Crear | Archer |
| 9:33 | Crear | Archer |
| 9:34 | Crear | Archer |
| 9:34 | Crear | Archer |
| 9:34 | Crear | Archer |
| 9:34 | Crear | Archer |
| 9:35 | Crear | Archer |
| 9:48 | Crear | Archer |
| 9:48 | Crear | Archer |
| 9:49 | Crear | Archer |
| 9:49 | Crear | Archer |
| 9:59 | Edad | Edad de los Castillos |
| 10:19 | Investigar | Thumb Ring |
| 10:52 | Construir | Castle |
| 12:15 | Investigar | Crossbowman (upgrade) |
| 12:16 | Crear | Archer ×5 |
| 12:17 | Crear | Archer ×5 |
| 12:17 | Crear | Archer |
| 12:27 | Crear | Archer ×5 |
| 12:40 | Construir | House |
| 12:41 | Construir | House |
| 12:42 | Construir | House |
| 14:15 | Investigar | Elite Skirmisher (upgrade) |
| 14:16 | Crear | Archer ×2 |
| 14:16 | Crear | Archer ×2 |
| 14:52 | Crear | Plumed Archer ×3 |
| 14:52 | Crear | Plumed Archer ×3 |
| 15:45 | Crear | Plumed Archer |
| 18:45 | Investigar | Pikeman (upgrade) |
| 18:46 | Investigar | Man-at-Arms (upgrade) |
| 18:46 | Investigar | Squires |
| 18:47 | Crear | Spearman ×5 |
| 18:48 | Crear | Spearman ×5 |
| 18:48 | Crear | Spearman ×5 |
| 18:48 | Crear | Spearman ×2 |
| 21:11 | Construir | Siege Workshop |
| 21:18 | Investigar | Bow Saw |
| 21:25 | Crear | Plumed Archer ×5 |
| 21:26 | Crear | Plumed Archer ×5 |
| 21:26 | Crear | Plumed Archer ×3 |
| 21:36 | Crear | Plumed Archer ×5 |
| 21:37 | Crear | Plumed Archer ×2 |
| 21:37 | Crear | Plumed Archer ×2 |
| 21:49 | Crear | Spearman ×5 |
| 21:49 | Crear | Spearman ×5 |
| 21:50 | Crear | Spearman |
| 21:53 | Investigar | Long Swordsman (upgrade) |
| 22:31 | Crear | Plumed Archer ×3 |
| 22:31 | Crear | Plumed Archer ×3 |
| 23:08 | Crear | Battering Ram |
| 23:09 | Crear | Battering Ram |
| 23:15 | Crear | Battering Ram |
| 23:15 | Crear | Battering Ram |
| 25:22 | Crear | Battering Ram ×3 |
| 25:22 | Crear | Battering Ram ×3 |
Build order — Lears
Primeras 150 de 213 acciones detectadas
| 2:25 | Investigar | Castle Age |
| 2:53 | Investigar | Double-Bit Axe |
| 2:56 | Investigar | Horse Collar |
| 3:02 | Crear | Villager (Male) |
| 3:02 | Crear | Villager (Male) |
| 3:42 | Crear | Villager (Male) |
| 5:05 | Edad | Edad de los Castillos |
| 5:08 | Construir | Town Center |
| 5:52 | Construir | Town Center |
| 5:54 | Investigar | Heavy Plow |
| 6:14 | Crear | Villager (Male) |
| 6:30 | Crear | Villager (Male) ×5 |
| 6:52 | Construir | Farm |
| 6:52 | Construir | Farm |
| 6:53 | Construir | Farm |
| 6:53 | Construir | Farm |
| 6:53 | Construir | Farm |
| 6:54 | Construir | Farm |
| 6:54 | Construir | Farm |
| 6:54 | Construir | Farm |
| 6:55 | Construir | Farm |
| 6:55 | Construir | Farm |
| 6:56 | Construir | Farm |
| 6:56 | Construir | Farm |
| 7:03 | Crear | Villager (Male) |
| 7:03 | Crear | Villager (Male) |
| 7:14 | Crear | Villager (Male) ×5 |
| 7:15 | Crear | Villager (Male) ×2 |
| 7:26 | Construir | Farm |
| 7:26 | Construir | Farm |
| 7:27 | Construir | Farm |
| 7:27 | Construir | Farm |
| 7:27 | Construir | Farm |
| 7:27 | Construir | Farm |
| 7:28 | Construir | Farm |
| 7:34 | Crear | Villager (Male) |
| 7:34 | Crear | Villager (Male) |
| 7:44 | Construir | Farm |
| 7:44 | Construir | Farm |
| 7:45 | Construir | Farm |
| 7:45 | Construir | Farm |
| 7:52 | Construir | House |
| 7:58 | Construir | House |
| 8:01 | Construir | House |
| 8:14 | Crear | Villager (Male) ×2 |
| 8:19 | Construir | Farm |
| 8:19 | Construir | Farm |
| 8:20 | Construir | Farm |
| 8:20 | Construir | Farm |
| 8:20 | Construir | Farm |
| 8:21 | Construir | Farm |
| 8:28 | Crear | Villager (Male) |
| 8:28 | Crear | Villager (Male) |
| 8:43 | Crear | Villager (Male) ×3 |
| 8:43 | Crear | Villager (Male) ×3 |
| 8:52 | Crear | Villager (Male) |
| 9:10 | Construir | Stable |
| 9:13 | Construir | Stable |
| 9:18 | Crear | Villager (Male) ×3 |
| 9:31 | Construir | Farm |
| 9:33 | Construir | Farm |
| 9:33 | Construir | Farm |
| 9:33 | Construir | Farm |
| 9:34 | Construir | Farm |
| 9:34 | Construir | Farm |
| 9:40 | Crear | Villager (Male) ×3 |
| 9:47 | Construir | House |
| 9:49 | Construir | House |
| 9:53 | Construir | House |
| 9:54 | Construir | House |
| 9:57 | Construir | House |
| 9:58 | Construir | House |
| 9:59 | Construir | House |
| 10:04 | Crear | Villager (Male) ×3 |
| 10:16 | Investigar | Gold Mining |
| 10:32 | Construir | House |
| 10:34 | Construir | House |
| 10:39 | Crear | Villager (Male) ×3 |
| 10:47 | Construir | Farm |
| 10:47 | Construir | Farm |
| 10:51 | Construir | Farm |
| 10:52 | Construir | Farm |
| 10:52 | Construir | Farm |
| 10:52 | Construir | Farm |
| 10:53 | Construir | Farm |
| 10:53 | Construir | Farm |
| 10:53 | Construir | Farm |
| 10:54 | Construir | Farm |
| 10:54 | Construir | Farm |
| 10:55 | Construir | Farm |
| 10:57 | Crear | Villager (Male) ×3 |
| 11:00 | Crear | Villager (Male) |
| 11:15 | Construir | House |
| 11:17 | Construir | House |
| 11:19 | Construir | House |
| 11:22 | Construir | House |
| 11:22 | Construir | House |
| 11:22 | Construir | House |
| 11:29 | Crear | Villager (Male) ×4 |
| 11:42 | Construir | Mining Camp |
| 11:54 | Crear | Villager (Male) ×4 |
| 11:59 | Construir | Farm |
| 11:59 | Construir | Farm |
| 11:59 | Construir | Farm |
| 11:59 | Construir | Farm |
| 12:00 | Construir | Farm |
| 12:02 | Construir | Farm |
| 12:03 | Construir | Farm |
| 12:06 | Crear | Villager (Male) ×2 |
| 12:06 | Crear | Villager (Male) |
| 13:00 | Construir | Lumber Camp |
| 13:24 | Construir | Farm |
| 13:25 | Construir | Farm |
| 13:40 | Investigar | Imperial Age |
| 13:55 | Construir | House |
| 14:16 | Crear | Villager (Male) ×5 |
| 14:19 | Crear | Knight ×4 |
| 14:25 | Construir | Farm |
| 14:34 | Construir | Stable |
| 14:35 | Construir | Stable |
| 14:35 | Construir | Stable |
| 14:36 | Construir | Stable |
| 14:36 | Construir | Stable |
| 14:37 | Construir | Stable |
| 14:37 | Construir | Stable |
| 14:50 | Investigar | Wheelbarrow |
| 14:54 | Investigar | Light Cavalry (upgrade) |
| 14:59 | Crear | Scout Cavalry ×3 |
| 15:03 | Crear | Knight |
| 15:13 | Construir | Farm |
| 15:13 | Construir | Farm |
| 15:17 | Crear | Villager (Male) ×4 |
| 15:25 | Crear | Knight |
| 15:27 | Crear | Knight |
| 15:33 | Crear | Scout Cavalry |
| 15:38 | Crear | Villager (Male) |
| 15:39 | Crear | Villager (Male) |
| 15:51 | Crear | Knight ×2 |
| 15:53 | Crear | Scout Cavalry |
| 16:04 | Crear | Villager (Male) ×3 |
| 16:39 | Investigar | Husbandry |
| 16:40 | Crear | Knight ×2 |
| 16:41 | Crear | Scout Cavalry ×3 |
| 16:42 | Crear | Knight |
| 16:43 | Crear | Knight |
| 16:50 | Edad | Edad Imperial |
| 16:52 | Investigar | Scale Barding Armor |
| 17:02 | Investigar | Forging |
| 17:10 | Crear | Villager (Male) ×2 |
| 17:16 | Crear | Knight ×2 |
Build order — AlexShukov13
141 acciones detectadas en el replay
| 0:01 | Crear | Villager (Male) |
| 0:02 | Crear | Villager (Male) |
| 0:02 | Crear | Villager (Male) |
| 0:02 | Crear | Villager (Male) |
| 0:37 | Construir | House |
| 0:52 | Construir | Palisade Wall |
| 1:05 | Crear | Militia |
| 1:07 | Crear | Spearman |
| 1:08 | Crear | Spearman |
| 1:35 | Crear | Villager (Male) |
| 1:36 | Crear | Villager (Male) |
| 2:03 | Construir | Palisade Wall |
| 2:22 | Crear | Villager (Male) |
| 2:23 | Crear | Villager (Male) |
| 2:40 | Construir | Stone Wall |
| 2:51 | Construir | House |
| 2:53 | Construir | House |
| 3:02 | Investigar | Double-Bit Axe |
| 3:05 | Crear | Villager (Male) |
| 3:14 | Construir | Farm |
| 3:16 | Construir | Farm |
| 3:17 | Construir | Farm |
| 3:18 | Construir | Farm |
| 3:19 | Construir | Farm |
| 3:23 | Construir | Farm |
| 3:27 | Crear | Villager (Male) |
| 3:40 | Crear | Spearman |
| 3:40 | Crear | Spearman |
| 3:54 | Construir | House |
| 4:16 | Construir | Market |
| 4:19 | Crear | Villager (Male) |
| 4:21 | Crear | Villager (Male) |
| 4:30 | Construir | Palisade Gate |
| 4:44 | Construir | Palisade Wall |
| 4:57 | Construir | Stone Wall |
| 5:05 | Construir | House |
| 5:06 | Construir | House |
| 5:08 | Construir | House |
| 5:09 | Construir | House |
| 5:15 | Construir | Mining Camp |
| 5:57 | Construir | Stone Wall |
| 6:53 | Construir | Stone Wall |
| 7:02 | Construir | Gate |
| 7:10 | Construir | House |
| 7:12 | Investigar | Castle Age |
| 7:26 | Investigar | Stone Mining |
| 7:46 | Construir | House |
| 7:48 | Construir | House |
| 7:50 | Construir | House |
| 7:52 | Construir | House |
| 8:24 | Investigar | Horse Collar |
| 8:28 | Investigar | Gold Mining |
| 9:44 | Crear | Villager (Male) |
| 9:44 | Crear | Villager (Male) |
| 9:52 | Edad | Edad de los Castillos |
| 9:56 | Investigar | Town Watch |
| 9:57 | Crear | Villager (Male) |
| 9:58 | Crear | Villager (Male) |
| 10:05 | Construir | House |
| 10:18 | Construir | Town Center |
| 10:35 | Construir | Town Center |
| 10:42 | Construir | Town Center |
| 10:54 | Investigar | Wheelbarrow |
| 10:56 | Crear | Villager (Male) |
| 11:06 | Construir | Lumber Camp |
| 11:49 | Construir | Mining Camp |
| 11:52 | Crear | Villager (Male) |
| 11:53 | Crear | Villager (Male) |
| 12:12 | Construir | University |
| 12:40 | Crear | Villager (Male) |
| 12:51 | Crear | Villager (Male) |
| 12:52 | Crear | Villager (Male) |
| 12:52 | Crear | Villager (Male) |
| 12:53 | Crear | Villager (Male) |
| 12:54 | Crear | Villager (Male) |
| 12:54 | Crear | Villager (Male) |
| 13:04 | Construir | Castle |
| 13:24 | Construir | Farm |
| 13:26 | Construir | Farm |
| 13:32 | Construir | Farm |
| 13:33 | Construir | Farm |
| 13:36 | Crear | Villager (Male) |
| 13:36 | Crear | Villager (Male) |
| 13:37 | Crear | Villager (Male) |
| 14:32 | Construir | Farm |
| 14:33 | Construir | Farm |
| 14:34 | Construir | Farm |
| 14:36 | Construir | Farm |
| 14:37 | Construir | Farm |
| 14:37 | Construir | Farm |
| 14:39 | Construir | Farm |
| 14:41 | Construir | Farm |
| 14:43 | Crear | Villager (Male) |
| 14:44 | Crear | Villager (Male) |
| 14:44 | Crear | Villager (Male) |
| 14:44 | Crear | Villager (Male) |
| 15:16 | Construir | Mining Camp |
| 15:24 | Crear | Villager (Male) |
| 15:24 | Crear | Villager (Male) |
| 15:24 | Crear | Villager (Male) |
| 15:46 | Crear | Conquistador |
| 15:58 | Crear | Spearman |
| 15:59 | Crear | Spearman |
| 15:59 | Crear | Spearman |
| 15:59 | Crear | Spearman |
| 16:09 | Crear | Conquistador |
| 16:27 | Crear | Conquistador |
| 16:59 | Crear | Conquistador |
| 17:07 | Construir | Castle |
| 17:15 | Investigar | Ballistics |
| 17:16 | Investigar | Murder Holes |
| 17:28 | Crear | Conquistador |
| 17:38 | Crear | Conquistador |
| 19:08 | Crear | Conquistador |
| 19:08 | Crear | Conquistador |
| 19:48 | Crear | Conquistador |
| 19:48 | Crear | Conquistador |
| 19:48 | Crear | Conquistador |
| 19:58 | Crear | Villager (Male) |
| 19:58 | Crear | Villager (Male) |
| 19:58 | Crear | Villager (Male) |
| 20:25 | Construir | Castle |
| 20:55 | Construir | House |
| 20:57 | Construir | House |
| 21:19 | Crear | Villager (Male) |
| 21:19 | Crear | Villager (Male) |
| 21:19 | Crear | Villager (Male) |
| 21:20 | Crear | Villager (Male) |
| 21:20 | Crear | Villager (Male) |
| 22:39 | Investigar | Imperial Age |
| 22:39 | Investigar | Hand Cart |
| 22:59 | Crear | Villager (Male) |
| 22:59 | Crear | Villager (Male) |
| 22:59 | Crear | Villager (Male) |
| 23:00 | Crear | Villager (Male) |
| 24:10 | Crear | Conquistador |
| 24:11 | Crear | Conquistador |
| 24:26 | Crear | Villager (Male) |
| 24:26 | Crear | Villager (Male) |
| 24:27 | Crear | Villager (Male) |
| 24:27 | Crear | Villager (Male) |
Build order — pajw734
111 acciones detectadas en el replay
| 0:43 | Investigar | Wheelbarrow |
| 1:12 | Investigar | Town Watch |
| 1:14 | Investigar | Double-Bit Axe |
| 1:26 | Construir | Dock |
| 1:27 | Construir | Dock |
| 1:33 | Crear | Villager (Male) |
| 1:34 | Crear | Villager (Male) |
| 2:18 | Investigar | Tech 906 |
| 2:25 | Crear | Villager (Male) ×2 |
| 2:26 | Crear | Villager (Male) ×2 |
| 2:45 | Crear | Fishing Ship ×4 |
| 2:45 | Crear | Fishing Ship ×4 |
| 3:00 | Crear | Villager (Male) ×3 |
| 3:00 | Crear | Villager (Male) ×3 |
| 3:15 | Crear | Fishing Ship |
| 3:34 | Crear | Villager (Male) ×2 |
| 4:27 | Construir | Mining Camp |
| 4:30 | Crear | Fishing Ship ×4 |
| 5:20 | Investigar | Forging |
| 5:21 | Investigar | Scale Barding Armor |
| 5:28 | Construir | Farm |
| 5:29 | Construir | Farm |
| 5:30 | Construir | Farm |
| 5:31 | Construir | Farm |
| 5:37 | Crear | Villager (Male) ×3 |
| 5:37 | Crear | Villager (Male) ×3 |
| 5:46 | Construir | Stable |
| 6:00 | Crear | Fishing Ship ×2 |
| 6:01 | Crear | Fishing Ship ×2 |
| 6:07 | Crear | Villager (Male) ×3 |
| 6:50 | Construir | Stable |
| 6:58 | Crear | Fishing Ship ×2 |
| 6:58 | Crear | Fishing Ship ×2 |
| 7:07 | Investigar | Bloodlines |
| 7:11 | Crear | Villager (Male) ×5 |
| 7:11 | Crear | Villager (Male) ×5 |
| 7:39 | Construir | Stable |
| 7:52 | Crear | Scout Cavalry ×2 |
| 8:22 | Crear | Scout Cavalry ×4 |
| 8:32 | Construir | Watch Tower |
| 10:11 | Crear | Fishing Ship |
| 10:16 | Crear | Fishing Ship |
| 10:28 | Investigar | Castle Age |
| 13:08 | Edad | Edad de los Castillos |
| 13:43 | Investigar | Husbandry |
| 13:44 | Investigar | Light Cavalry (upgrade) |
| 13:52 | Construir | Town Center |
| 14:00 | Investigar | Iron Casting |
| 14:01 | Investigar | Chain Barding Armor |
| 14:13 | Construir | Fish Trap |
| 14:14 | Construir | Fish Trap |
| 14:15 | Construir | Fish Trap |
| 14:16 | Construir | Fish Trap |
| 14:17 | Construir | Fish Trap |
| 14:18 | Construir | Fish Trap |
| 14:19 | Construir | Fish Trap |
| 14:28 | Construir | Fish Trap |
| 14:30 | Construir | Fish Trap |
| 14:31 | Construir | Fish Trap |
| 14:32 | Construir | Fish Trap |
| 14:35 | Construir | Fish Trap |
| 14:36 | Construir | Fish Trap |
| 14:39 | Construir | Fish Trap |
| 14:40 | Construir | Fish Trap |
| 14:44 | Investigar | Gillnets |
| 14:56 | Construir | Town Center |
| 15:12 | Crear | Knight ×5 |
| 15:14 | Crear | Knight ×4 |
| 15:23 | Crear | Villager (Male) |
| 16:00 | Investigar | Gold Mining |
| 17:56 | Investigar | Hand Cart |
| 18:01 | Investigar | Stone Mining |
| 18:04 | Crear | Knight ×5 |
| 18:04 | Crear | Knight ×5 |
| 18:04 | Crear | Knight ×5 |
| 18:13 | Construir | Town Center |
| 19:15 | Investigar | Bow Saw |
| 19:23 | Crear | Villager (Male) ×5 |
| 19:23 | Crear | Villager (Male) ×5 |
| 19:24 | Crear | Villager (Male) ×5 |
| 19:24 | Crear | Villager (Male) |
| 20:09 | Investigar | Town Patrol |
| 20:17 | Construir | Outpost |
| 21:16 | Crear | Villager (Male) ×5 |
| 21:17 | Crear | Villager (Male) ×5 |
| 22:49 | Construir | Farm |
| 22:50 | Construir | Farm |
| 22:53 | Construir | Farm |
| 22:54 | Construir | Farm |
| 22:56 | Construir | Farm |
| 22:57 | Construir | Farm |
| 22:58 | Construir | Farm |
| 23:00 | Construir | Farm |
| 23:01 | Construir | Farm |
| 23:03 | Construir | Farm |
| 23:04 | Construir | Farm |
| 23:05 | Construir | Farm |
| 23:16 | Construir | Mining Camp |
| 24:20 | Crear | Knight ×5 |
| 24:20 | Crear | Knight ×5 |
| 24:21 | Crear | Knight ×5 |
| 24:31 | Construir | Castle |
| 25:57 | Construir | Mining Camp |
| 26:13 | Crear | Villager (Male) ×5 |
| 26:13 | Crear | Villager (Male) ×5 |
| 26:14 | Crear | Villager (Male) ×5 |
| 26:14 | Crear | Villager (Male) ×5 |
| 26:14 | Crear | Villager (Male) ×5 |
| 26:16 | Crear | Villager (Male) ×5 |
| 26:24 | Construir | Lumber Camp |
| 26:48 | Construir | Mining Camp |
Build order — Kuzmikdepo
Primeras 150 de 175 acciones detectadas
| 0:01 | Crear | Villager (Male) |
| 0:03 | Crear | Villager (Male) |
| 0:16 | Investigar | Double-Bit Axe |
| 0:32 | Construir | House |
| 0:33 | Construir | House |
| 0:36 | Construir | House |
| 0:49 | Investigar | Gold Mining |
| 1:29 | Construir | Dock |
| 1:39 | Construir | Watch Tower |
| 1:47 | Crear | Villager (Male) |
| 1:48 | Crear | Villager (Male) |
| 1:48 | Crear | Villager (Male) |
| 1:49 | Crear | Villager (Male) |
| 1:49 | Crear | Villager (Male) |
| 2:28 | Construir | Market |
| 2:34 | Investigar | Stone Mining |
| 2:41 | Construir | Mining Camp |
| 2:47 | Crear | Fishing Ship |
| 2:48 | Crear | Fishing Ship |
| 2:48 | Crear | Fishing Ship |
| 2:48 | Crear | Fishing Ship |
| 2:48 | Crear | Fishing Ship |
| 3:11 | Construir | Farm |
| 3:17 | Construir | Farm |
| 3:22 | Crear | Villager (Male) |
| 3:22 | Crear | Villager (Male) |
| 3:22 | Crear | Villager (Male) |
| 3:23 | Crear | Villager (Male) |
| 3:53 | Crear | Fishing Ship |
| 3:53 | Crear | Fishing Ship |
| 4:30 | Construir | Farm |
| 4:54 | Investigar | Tech 906 |
| 5:50 | Investigar | Castle Age |
| 6:22 | Construir | Watch Tower |
| 7:13 | Construir | Farm |
| 7:27 | Construir | Lumber Camp |
| 8:10 | Construir | Outpost |
| 8:20 | Crear | Fishing Ship |
| 8:20 | Crear | Fishing Ship |
| 8:30 | Edad | Edad de los Castillos |
| 8:35 | Construir | Town Center |
| 8:40 | Investigar | Wheelbarrow |
| 9:24 | Construir | Siege Workshop |
| 9:30 | Crear | Villager (Male) |
| 9:30 | Crear | Villager (Male) |
| 9:31 | Crear | Villager (Male) |
| 9:31 | Crear | Villager (Male) |
| 9:38 | Investigar | Bow Saw |
| 9:45 | Construir | House |
| 9:47 | Construir | House |
| 9:48 | Construir | House |
| 9:49 | Construir | House |
| 9:51 | Construir | House |
| 10:02 | Construir | University |
| 10:07 | Crear | Villager (Male) |
| 10:07 | Crear | Villager (Male) |
| 10:07 | Crear | Villager (Male) |
| 10:08 | Crear | Villager (Male) |
| 10:08 | Crear | Villager (Male) |
| 10:08 | Crear | Villager (Male) |
| 10:17 | Investigar | Stone Shaft Mining |
| 10:27 | Investigar | Town Watch |
| 10:42 | Investigar | Horse Collar |
| 10:49 | Investigar | Gillnets |
| 12:16 | Investigar | Treadmill Crane |
| 12:17 | Investigar | Murder Holes |
| 12:21 | Investigar | Guard Tower (upgrade) |
| 12:50 | Crear | Villager (Male) |
| 12:50 | Crear | Villager (Male) |
| 12:50 | Crear | Villager (Male) |
| 12:51 | Crear | Villager (Male) |
| 12:51 | Crear | Villager (Male) |
| 12:59 | Construir | Stable |
| 13:13 | Investigar | Scale Barding Armor |
| 13:21 | Crear | Villager (Male) |
| 13:22 | Crear | Villager (Male) |
| 13:22 | Crear | Villager (Male) |
| 13:54 | Crear | Battle Elephant |
| 13:54 | Crear | Battle Elephant |
| 13:55 | Crear | Battle Elephant |
| 13:55 | Crear | Battle Elephant |
| 13:55 | Crear | Battle Elephant |
| 14:03 | Construir | Farm |
| 14:05 | Construir | Farm |
| 14:24 | Construir | Monastery |
| 14:42 | Construir | Castle |
| 14:59 | Crear | Battering Ram |
| 15:00 | Crear | Battering Ram |
| 15:00 | Crear | Battering Ram |
| 15:00 | Crear | Battering Ram |
| 15:03 | Crear | Battering Ram |
| 15:03 | Crear | Battering Ram |
| 15:21 | Construir | Castle |
| 15:38 | Construir | Fish Trap |
| 15:40 | Construir | Fish Trap |
| 15:42 | Construir | Fish Trap |
| 15:43 | Construir | Fish Trap |
| 15:45 | Construir | Fish Trap |
| 15:46 | Construir | Fish Trap |
| 15:58 | Construir | Fish Trap |
| 16:01 | Construir | Fish Trap |
| 16:06 | Construir | Fish Trap |
| 16:25 | Construir | Farm |
| 16:27 | Construir | Farm |
| 16:29 | Construir | Farm |
| 16:33 | Construir | Farm |
| 16:47 | Construir | Farm |
| 16:54 | Construir | Farm |
| 16:57 | Construir | Farm |
| 17:04 | Construir | Farm |
| 17:08 | Construir | Farm |
| 17:50 | Investigar | Imperial Age |
| 17:58 | Crear | Monk |
| 18:20 | Crear | Fishing Ship |
| 18:21 | Crear | Fishing Ship |
| 18:22 | Crear | Fishing Ship |
| 18:22 | Crear | Fishing Ship |
| 18:22 | Crear | Fishing Ship |
| 18:22 | Crear | Fishing Ship |
| 18:23 | Crear | Fishing Ship |
| 18:30 | Construir | Farm |
| 18:37 | Investigar | Hand Cart |
| 18:54 | Construir | House |
| 18:56 | Construir | House |
| 18:57 | Construir | House |
| 19:00 | Construir | House |
| 19:02 | Construir | House |
| 19:03 | Construir | House |
| 20:07 | Investigar | Padded Archer Armor |
| 20:09 | Investigar | Chain Barding Armor |
| 20:16 | Crear | Battle Elephant |
| 20:16 | Crear | Battle Elephant |
| 20:18 | Crear | Battle Elephant |
| 20:19 | Crear | Battle Elephant |
| 20:21 | Crear | Battle Elephant |
| 20:21 | Crear | Battle Elephant |
| 21:00 | Edad | Edad Imperial |
| 21:12 | Investigar | Sappers |
| 21:21 | Crear | Trebuchet (Packed) |
| 21:21 | Crear | Trebuchet (Packed) |
| 21:30 | Investigar | Capped Ram (upgrade) |
| 21:52 | Crear | Rattan Archer |
| 21:52 | Crear | Rattan Archer |
| 21:53 | Crear | Rattan Archer |
| 21:53 | Crear | Rattan Archer |
| 21:53 | Crear | Rattan Archer |
| 21:54 | Crear | Rattan Archer |
| 21:54 | Crear | Rattan Archer |
| 21:54 | Crear | Rattan Archer |
| 21:55 | Crear | Rattan Archer |
Build order — Bryesf
101 acciones detectadas en el replay
| 0:36 | Construir | Mining Camp |
| 0:38 | Crear | Villager (Male) |
| 0:38 | Crear | Villager (Male) |
| 1:20 | Construir | Donjon |
| 1:29 | Investigar | Wheelbarrow |
| 1:30 | Crear | Villager (Male) |
| 1:34 | Crear | Villager (Male) |
| 1:40 | Investigar | Scale Mail Armor |
| 2:09 | Construir | House |
| 2:12 | Investigar | Double-Bit Axe |
| 2:21 | Investigar | Horse Collar |
| 2:45 | Construir | House |
| 2:51 | Crear | Serjeant |
| 3:31 | Construir | Donjon |
| 3:41 | Construir | Farm |
| 3:43 | Construir | Farm |
| 3:46 | Construir | Farm |
| 3:48 | Construir | Farm |
| 3:50 | Construir | Farm |
| 3:53 | Construir | Farm |
| 4:01 | Construir | House |
| 4:37 | Construir | Stone Wall |
| 4:45 | Construir | House |
| 4:48 | Crear | Serjeant |
| 4:48 | Crear | Serjeant |
| 4:48 | Crear | Serjeant |
| 5:22 | Construir | Market |
| 5:43 | Investigar | Forging |
| 6:02 | Investigar | Stone Mining |
| 6:04 | Investigar | Gold Mining |
| 7:22 | Construir | Stone Wall |
| 7:27 | Construir | Stone Wall |
| 8:00 | Construir | Donjon |
| 8:36 | Investigar | Arson |
| 8:46 | Construir | Stone Wall |
| 10:07 | Investigar | Castle Age |
| 10:51 | Construir | Stone Wall |
| 11:36 | Crear | Serjeant |
| 11:36 | Crear | Serjeant |
| 11:36 | Crear | Serjeant |
| 11:36 | Crear | Serjeant |
| 12:22 | Construir | Donjon |
| 12:37 | Investigar | Town Watch |
| 12:47 | Edad | Edad de los Castillos |
| 12:54 | Investigar | Pikeman (upgrade) |
| 13:05 | Investigar | Bow Saw |
| 14:30 | Construir | Donjon |
| 14:57 | Construir | Stone Wall |
| 15:06 | Construir | University |
| 15:16 | Investigar | Chain Mail Armor |
| 15:20 | Investigar | Iron Casting |
| 15:33 | Investigar | Heavy Plow |
| 15:55 | Crear | Villager (Male) |
| 15:55 | Crear | Villager (Male) |
| 15:56 | Crear | Villager (Male) |
| 16:07 | Crear | Villager (Male) |
| 16:07 | Crear | Villager (Male) |
| 16:07 | Crear | Villager (Male) |
| 16:08 | Crear | Villager (Male) |
| 16:08 | Crear | Villager (Male) |
| 16:51 | Crear | Spearman ×3 |
| 16:51 | Crear | Spearman ×3 |
| 17:29 | Crear | Spearman ×4 |
| 17:29 | Crear | Spearman ×4 |
| 19:19 | Investigar | Squires |
| 19:52 | Crear | Serjeant |
| 19:53 | Crear | Serjeant |
| 19:53 | Crear | Serjeant |
| 19:53 | Crear | Serjeant |
| 19:53 | Crear | Serjeant |
| 19:53 | Crear | Serjeant |
| 21:07 | Construir | Siege Workshop |
| 21:23 | Crear | Villager (Male) |
| 21:23 | Crear | Villager (Male) |
| 21:23 | Crear | Villager (Male) |
| 22:01 | Construir | Farm |
| 22:27 | Crear | Battering Ram |
| 22:27 | Crear | Battering Ram |
| 22:40 | Crear | Serjeant |
| 22:40 | Crear | Serjeant |
| 22:40 | Crear | Serjeant |
| 22:41 | Crear | Serjeant |
| 22:41 | Crear | Serjeant |
| 22:41 | Crear | Serjeant |
| 23:28 | Construir | Farm |
| 23:30 | Construir | Farm |
| 24:53 | Construir | Farm |
| 25:44 | Construir | Farm |
| 25:47 | Crear | Villager (Male) |
| 25:51 | Investigar | Hand Cart |
| 25:53 | Investigar | Town Patrol |
| 26:50 | Construir | Farm |
| 26:58 | Investigar | Ballistics |
| 27:24 | Crear | Mangonel |
| 27:25 | Crear | Mangonel |
| 27:35 | Crear | Serjeant |
| 27:36 | Crear | Serjeant |
| 27:36 | Crear | Serjeant |
| 27:36 | Crear | Serjeant |
| 27:36 | Crear | Serjeant |
| 27:37 | Crear | Serjeant |
Cronología de la partida
| 0:52 | AlexShukov13 · wall_segment Palisade Wall x17 |
| 1:20 | Bryesf · first_building Donjon |
| 1:26 | pajw734 · first_building Dock |
| 1:29 | Kuzmikdepo · first_building Dock |
| 1:58 | SebaD_ · first_building Archery Range |
| 2:03 | AlexShukov13 · wall_segment Palisade Wall x18 |
| 2:40 | AlexShukov13 · wall_segment Stone Wall x24 |
| 3:00 | SebaD_ · tribute_sent a jugador 1 |
| 3:00 | SebaD_ · tribute_sent a jugador 2 |
| 3:00 | SebaD_ · tribute_sent a jugador 3 |
| 3:00 | SebaD_ · tribute_sent a jugador 5 |
| 3:00 | SebaD_ · tribute_sent a jugador 6 |
| 4:37 | Bryesf · wall_segment Stone Wall x27 |
| 4:40 | Kuzmikdepo · first_market_buy 100 food |
| 4:44 | AlexShukov13 · wall_segment Palisade Wall x3 |
| 4:57 | AlexShukov13 · wall_segment Stone Wall x7 |
| 5:05 | Lears · age_up castle |
| 5:46 | pajw734 · first_building Stable |
| 5:57 | AlexShukov13 · wall_segment Stone Wall x24 |
| 6:45 | Bryesf · tribute_sent a jugador 1 |
| 6:45 | Bryesf · tribute_sent a jugador 2 |
| 6:45 | Bryesf · tribute_sent a jugador 3 |
| 6:45 | Bryesf · tribute_sent a jugador 4 |
| 6:45 | Bryesf · tribute_sent a jugador 5 |
| 6:53 | AlexShukov13 · wall_segment Stone Wall x23 |
| 7:15 | SebaD_ · first_market_sell 100 wood |
| 7:22 | Bryesf · wall_segment Stone Wall x2 |
| 7:27 | Bryesf · wall_segment Stone Wall x5 |
| 8:30 | Kuzmikdepo · age_up castle |
| 8:46 | Bryesf · wall_segment Stone Wall x2 |
| 9:10 | Lears · first_building Stable |
| 9:24 | Kuzmikdepo · first_building Siege Workshop |
| 9:52 | AlexShukov13 · age_up castle |
| 9:59 | SebaD_ · age_up castle |
| 10:04 | Bryesf · first_market_buy 100 food |
| 10:07 | SebaD_ · first_market_buy 100 stone |
| 10:20 | Bryesf · tribute_sent a jugador 1 |
| 10:20 | Bryesf · tribute_sent a jugador 2 |
| 10:20 | Bryesf · tribute_sent a jugador 3 |
| 10:20 | Bryesf · tribute_sent a jugador 4 |
| 10:20 | Bryesf · tribute_sent a jugador 5 |
| 10:51 | Bryesf · wall_segment Stone Wall x13 |
| 10:52 | SebaD_ · first_building Castle |
| 12:47 | Bryesf · age_up castle |
| 12:59 | Kuzmikdepo · first_building Stable |
| 13:04 | AlexShukov13 · first_building Castle |
| 13:08 | pajw734 · age_up castle |
| 14:24 | Kuzmikdepo · first_building Monastery |
| 14:42 | Kuzmikdepo · first_building Castle |
| 14:43 | Bryesf · tribute_sent a jugador 1 |
| 14:43 | Bryesf · tribute_sent a jugador 2 |
| 14:43 | Bryesf · tribute_sent a jugador 3 |
| 14:43 | Bryesf · tribute_sent a jugador 4 |
| 14:43 | Bryesf · tribute_sent a jugador 5 |
| 14:57 | Bryesf · wall_segment Stone Wall x25 |
| 16:01 | Bryesf · first_market_sell 100 wood |
| 16:50 | Lears · age_up imperial |
| 18:43 | AlexShukov13 · first_market_buy 100 stone |
| 19:17 | Lears · first_building Siege Workshop |
| 21:00 | Kuzmikdepo · age_up imperial |
| 21:07 | Bryesf · first_building Siege Workshop |
| 21:11 | SebaD_ · first_building Siege Workshop |
| 24:31 | pajw734 · first_building Castle |
| 24:38 | AlexShukov13 · resign |
[ ANÁLISIS IA · 1 CRÉDITO ]
¿Qué pasó realmente en esta partida?
Wolo.gg analiza cada decisión: build order, eco, micro, errores típicos por bracket. Análisis personalizado por WhatsApp o Discord en 30 segundos.
Guía civ
Maya
Perfil
Jugador #24915721